[Event "Titled Tuesday Blitz March 14 Late 2023"]
[White "Harish, Neeraj"]
[Black "Chylewski, Patryk"]
[WhiteFideId "30958130"]
[BlackFideId "1186191"]
[WhiteElo "1963"]
[BlackElo "2163"]
[Result "1-0"]
[Round "03"]
[TimeControl "180+1"]
[Date "2023.03.14"]
[WhiteClock "0:02:06"]
[BlackClock "0:01:36"]

1. e4 c5 2. Nf3 e6 3. d4 cxd4 4. Nxd4 Nc6 5. Nc3 Qc7 6. Be3 a6 7. g4 Bb4 8. Nxc6 dxc6 9. Qd4 Bf8 10. O-O-O e5 11. Qd2 Bxg4 12. Be2 Bxe2 13. Qxe2 Bb4 14. Qc4 Qe7 15. Rhg1 Kf8 16. a3 Bd6 17. Rxd6 Qxd6 18. Bc5 Qxc5 19. Qxc5+ Ne7 20. Rd1 Re8 21. Rd7 f6 22. Kb1 Kf7 23. Rxb7 1-0


[Site "https://www.chess.com"]

[Event "Titled Tuesday Blitz March 14 Late 2023"]
[White "Hartikainen, Jarmo"]
[Black "Peatman, Carter"]
[WhiteFideId "503134"]
[BlackFideId "2096480"]
[WhiteElo "2179"]
[BlackElo "2003"]
[Result "0-1"]
[Round "03"]
[TimeControl "180+1"]
[Date "2023.03.14"]
[WhiteClock "0:00:18"]
[BlackClock "0:00:49"]

1. e4 e5 2. Nf3 Nf6 3. d4 Nxe4 4. Bd3 Nc6 5. d5 Nd6 6. dxc6 e4 7. cxd7+ Bxd7 8. O-O exd3 9. Qxd3 Be7 10. c3 Bb5 11. Qd4 Bxf1 12. Kxf1 O-O 13. Bf4 Bf6 14. Qb4 Re8 15. Nbd2 Qd7 16. h3 Qb5+ 17. Qxb5 Nxb5 18. Re1 h6 19. a4 Nd6 20. Bxd6 cxd6 21. Nc4 Red8 22. Rd1 d5 23. Nce5 Rac8 24. Ng4 Be7 25. Nd4 Rc4 26. Ne3 Rxa4 27. Ndf5 Bf8 28. Nxd5 Re8 29. b3 Ra2 30. c4 Ree2 31. Nfe3 Rxf2+ 32. Kg1 Rad2 33. Ra1 Ra2 34. Rc1 Bc5 35. Kh2 Rae2 36. b4 Bxe3 37. Nxe3 Rxe3 38. c5 Ree2 39. Rg1 Kf8 0-1


[Site "https://www.chess.com"]

[Event "Titled Tuesday Blitz March 14 Late 2023"]
[White "Harvey, Marcus R"]
[Black "Sarana, Alexey"]
[WhiteFideId "400092"]
[BlackFideId "24133795"]
[WhiteElo "2457"]
[BlackElo "2714"]
[Result "0-1"]
[Round "03"]
[TimeControl "180+1"]
[Date "2023.03.14"]
[WhiteClock "0:00:08"]
[BlackClock "0:00:05"]

1. d4 Nf6 2. c4 e6 3. Nc3 Bb4 4. e3 O-O 5. Bd3 d5 6. a3 Bxc3+ 7. bxc3 dxc4 8. Bxc4 c5 9. Nf3 Qc7 10. Be2 b6 11. O-O Ba6 12. Bb2 Bxe2 13. Qxe2 Nc6 14. c4 Ne7 15. Rac1 Rad8 16. Rfd1 Ng6 17. a4 Qc6 18. Qc2 Ne4 19. Ne1 Rd7 20. d5 exd5 21. cxd5 Rxd5 22. Qxe4 Rfd8 23. Rxd5 Rxd5 24. h4 Qd7 25. g3 h5 26. Ng2 Rd2 27. Bc3 Ra2 28. Qc4 Rxa4 29. Qe2 Qg4 30. Qxg4 hxg4 31. h5 Ne7 32. Rd1 Ra3 33. Bb2 Ra2 34. Rd8+ Kh7 35. Bc3 Ra3 36. Bd2 c4 37. Rd7 Nc6 38. Rc7 Ne5 39. Nh4 a5 40. e4 b5 41. Rc5 Ra2 42. Bc3 Nd3 43. Rxb5 a4 44. Nf5 a3 45. Ra5 Nxf2 46. Bb4 Nxe4 47. Rxa3 Rb2 48. Bf8 c3 49. Ra1 c2 50. Rc1 Nc3 51. Kf1 Na2 52. Ba3 Nxc1 53. Bxb2 Nd3 54. Ba3 c1=Q+ 55. Bxc1 Nxc1 56. Ne3 Kh6 57. Nxg4+ Kxh5 58. Ne5 f6 59. Nd7 Kg4 60. Kg2 Ne2 61. Nc5 Nxg3 62. Ne6 g5 63. Nd4 Nh5 64. Nf3 Nf4+ 65. Kf2 Nh3+ 66. Ke3 f5 67. Ne5+ Kg3 68. Nd3 f4+ 69. Ke2 g4 70. Kf1 f3 71. Ne1 Nf4 72. Nc2 Nd5 73. Kg1 Kf4 74. Nd4 g3 75. Kh1 Ne3 76. Ne6+ Kf5 77. Nd4+ Ke4 78. Ne6 f2 79. Ng5+ Kf5 0-1


[Site "https://www.chess.com"]

[Event "Titled Tuesday Blitz March 14 Late 2023"]
[White "Heinemann, Josefine"]
[Black "Mihajlov, Sebastian"]
[WhiteFideId "12900460"]
[BlackFideId "1512110"]
[WhiteElo "2342"]
[BlackElo "2464"]
[Result "0-1"]
[Round "03"]
[TimeControl "180+1"]
[Date "2023.03.14"]
[WhiteClock "0:00:08"]
[BlackClock "0:00:48"]

1. e4 g6 2. d4 Bg7 3. Nc3 d6 4. Nf3 a6 5. a4 e6 6. h3 Nf6 7. Be3 b6 8. Qd2 Bb7 9. Bd3 Nbd7 10. Bh6 O-O 11. h4 Bxh6 12. Qxh6 Ng4 13. Qd2 h5 14. O-O-O Qf6 15. Rdf1 c5 16. d5 Nde5 17. Nxe5 Nxe5 18. dxe6 fxe6 19. f4 Nxd3+ 20. Qxd3 Rad8 21. g3 d5 22. e5 Qf5 23. Rhg1 d4 24. Nd1 Qxd3 25. cxd3 Bd5 26. Kc2 b5 27. axb5 axb5 28. Nf2 Ra8 29. Ra1 c4 30. Rge1 Rfc8 31. Kd2 c3+ 32. bxc3 dxc3+ 33. Kc2 b4 34. Rxa8 b3+ 35. Kc1 Rxa8 0-1


[Site "https://www.chess.com"]

[Event "Titled Tuesday Blitz March 14 Late 2023"]
[White "Ibarra Jerez, Jose Carlos"]
[Black "Sonnenschein, Philipp"]
[WhiteFideId "2226332"]
[BlackFideId "16250877"]
[WhiteElo "2638"]
[BlackElo "2224"]
[Result "1-0"]
[Round "03"]
[TimeControl "180+1"]
[Date "2023.03.14"]
[WhiteClock "0:00:05"]
[BlackClock "0:00:03"]

1. e4 c6 2. Nf3 d5 3. d3 Qc7 4. exd5 cxd5 5. c4 e6 6. Nc3 Nf6 7. a3 Nc6 8. g3 Be7 9. Bg2 O-O 10. O-O Rd8 11. Qe2 b6 12. Bf4 Qd7 13. Rad1 Bb7 14. Rfe1 Bd6 15. Bg5 Be7 16. b4 Qe8 17. Nb5 Rac8 18. h3 dxc4 19. dxc4 Rxd1 20. Rxd1 Rd8 21. Ne5 Nxe5 22. Rxd8 Qxd8 23. Bxb7 Nfd7 24. Bf4 Bf6 25. Bg2 Ng6 26. Be3 a6 27. Na7 Nb8 28. c5 bxc5 29. Bxc5 Be7 30. Be3 Ne5 31. Bf4 Ned7 32. Qc4 Nb6 33. Qc7 N8d7 34. Nc6 Qxc7 35. Bxc7 Bf6 36. Bf1 Kf8 37. Bd6+ Ke8 38. Bxa6 Bb2 39. b5 Nc4 40. Bb4 Bxa3 41. Bc3 Bc5 42. Bxg7 f6 43. Bh6 Nce5 44. Bc1 Nxc6 45. bxc6 Nb6 46. c7 Kd7 47. Bf4 e5 48. Bh6 Kxc7 49. Bg7 Be7 50. g4 Nd7 51. Bd3 Kd6 52. Bxh7 Ke6 53. Bf5+ Kd6 54. h4 Nc5 55. h5 Nb3 56. h6 Nd4 57. h7 Nxf5 58. gxf5 1-0


[Site "https://www.chess.com"]

[Event "Titled Tuesday Blitz March 14 Late 2023"]
[White "Ismagilov, Damir"]
[Black "Quispe Santacruz, Javier"]
[WhiteFideId "34199982"]
[BlackFideId "3800920"]
[WhiteElo "2078"]
[BlackElo "1875"]
[Result "1-0"]
[Round "03"]
[TimeControl "180+1"]
[Date "2023.03.14"]
[WhiteClock "0:01:43"]
[BlackClock "0:00:36"]

1. d4 Nf6 2. Nf3 e6 3. Bg5 h6 4. Bxf6 Qxf6 5. e4 d5 6. Nbd2 Qd8 7. Bd3 c5 8. exd5 exd5 9. O-O Be7 10. dxc5 O-O 11. Nb3 a5 12. a4 Nc6 13. Re1 Bg4 14. h3 Bh5 15. Be2 Bf6 16. c3 Re8 17. Nfd4 Bg6 18. Bf3 Ne5 19. Be2 Nc4 20. Bxc4 dxc4 21. Rxe8+ Qxe8 22. Nd2 Bd3 23. Qf3 Qd7 24. Nb5 Re8 25. Nd6 Re2 26. N2xc4 Qe6 27. Qxd3 Re1+ 28. Rxe1 Qxe1+ 29. Qf1 Qe6 30. Qd1 Qf5 1-0


[Site "https://www.chess.com"]

[Event "Titled Tuesday Blitz March 14 Late 2023"]
[White "Jaskolka, Tomasz"]
[Black "Maranhao,Jose Renato Ruiz"]
[WhiteFideId "1170791"]
[BlackFideId "2135175"]
[WhiteElo "2155"]
[BlackElo "1970"]
[Result "1-0"]
[Round "03"]
[TimeControl "180+1"]
[Date "2023.03.14"]
[WhiteClock "0:00:20"]
[BlackClock "0:00:01"]

1. d4 g6 2. Bf4 Bg7 3. Nc3 b6 4. e4 Bb7 5. Nf3 d6 6. Bc4 e6 7. O-O Ne7 8. Qd2 O-O 9. Bh6 Nd7 10. Rfe1 e5 11. dxe5 Nxe5 12. Bxg7 Nxf3+ 13. gxf3 Kxg7 14. Kh1 Qd7 15. Rg1 Qh3 16. Rg3 Qh4 17. Rag1 f5 18. Bd5 Nxd5 19. Nxd5 fxe4 20. Qc3+ Kh6 21. Ne7 Rxf3 22. Rxg6+ hxg6 23. Rxg6+ Kh5 24. Qg7 Qxe7 25. Rh6# 1-0


[Site "https://www.chess.com"]

[Event "Titled Tuesday Blitz March 14 Late 2023"]
[White "Kamsky, Gata"]
[Black "Deviprasath, Sharvesh"]
[WhiteFideId "2000024"]
[BlackFideId "30938228"]
[WhiteElo "2666"]
[BlackElo "2168"]
[Result "1-0"]
[Round "03"]
[TimeControl "180+1"]
[Date "2023.03.14"]
[WhiteClock "0:01:25"]
[BlackClock "0:01:31"]

1. e4 c5 2. Nf3 e6 3. d4 cxd4 4. Nxd4 Nc6 5. Nc3 Qc7 6. Qd3 a6 7. Nxc6 bxc6 8. Qg3 Qb6 9. Bd3 d5 10. O-O Nf6 11. Re1 Be7 12. e5 Nh5 13. Qg4 g6 14. Na4 Qc7 15. Bh6 c5 16. c4 d4 17. b3 Bb7 18. Be4 Bxe4 19. Qxe4 Rb8 20. g4 f5 21. exf6 Nxf6 22. Qxe6 Qd7 23. Qxf6 1-0


[Site "https://www.chess.com"]

[Event "Titled Tuesday Blitz March 14 Late 2023"]
[White "Karas, Marek"]
[Black "Baches Garcia, Guillermo"]
[WhiteFideId "14928558"]
[BlackFideId "2209764"]
[WhiteElo "2233"]
[BlackElo "2461"]
[Result "1/2-1/2"]
[Round "03"]
[TimeControl "180+1"]
[Date "2023.03.14"]
[WhiteClock "0:01:43"]
[BlackClock "0:02:05"]

1. Nf3 d5 2. g3 g6 3. Bg2 Bg7 4. d4 Nd7 5. O-O Nb6 6. b3 Nf6 7. Bb2 O-O 8. Nbd2 Bf5 9. e3 Ne4 10. Qe2 Nxd2 11. Qxd2 Be4 12. Rac1 c5 13. Ba1 c4 14. Ne5 Bxg2 15. Kxg2 Rc8 16. Qa5 a6 17. Bc3 e6 18. Bb4 Re8 19. Nf3 Nd7 1/2-1/2


[Site "https://www.chess.com"]

[Event "Titled Tuesday Blitz March 14 Late 2023"]
[White "Khismatullin, Denis"]
[Black "Averjanov, Alexey"]
[WhiteFideId "4142578"]
[BlackFideId "14109867"]
[WhiteElo "2531"]
[BlackElo "2719"]
[Result "1-0"]
[Round "03"]
[TimeControl "180+1"]
[Date "2023.03.14"]
[WhiteClock "0:00:13"]
[BlackClock "0:00:08"]

1. d4 d5 2. c4 dxc4 3. e3 Nf6 4. Bxc4 e6 5. Nf3 a6 6. O-O b5 7. Be2 Bb7 8. a4 b4 9. Nbd2 Nbd7 10. b3 c5 11. Bb2 Be7 12. Nc4 Qc7 13. Rc1 O-O 14. Nfe5 Rfd8 15. Bf3 Nxe5 16. Nxe5 Rac8 17. h3 h6 18. Nd3 Ne4 19. Qe2 Qb8 20. Bxe4 Bxe4 21. Nxc5 Bxc5 22. dxc5 Qb7 23. Qg4 Bg6 24. Rfd1 Rxd1+ 25. Rxd1 Kh7 26. Rd6 a5 27. h4 Qe4 28. Qd1 Rxc5 29. Bd4 Rc2 30. h5 Bf5 31. f3 Qh4 32. e4 Qg3 33. Qxc2 Qxd6 34. Bf2 Qe5 35. exf5 exf5 36. g4 g6 37. hxg6+ fxg6 38. Qc5 Qa1+ 39. Kg2 Qb2 40. Qxa5 Qxb3 41. Qc7+ Kg8 42. Bd4 Qc2+ 43. Qxc2 1-0


[Site "https://www.chess.com"]

[Event "Titled Tuesday Blitz March 14 Late 2023"]
[White "Koellner, Ruben Gideon"]
[Black "Smith, Garrett L"]
[WhiteFideId "12993093"]
[BlackFideId "2024829"]
[WhiteElo "2303"]
[BlackElo "2293"]
[Result "1-0"]
[Round "03"]
[TimeControl "180+1"]
[Date "2023.03.14"]
[WhiteClock "0:01:47"]
[BlackClock "0:00:35"]

1. d4 Nf6 2. Nf3 g6 3. Nbd2 d5 4. e3 Bg7 5. b4 c6 6. c4 Bf5 7. Bb2 Ne4 8. Be2 Nxd2 9. Nxd2 O-O 10. O-O Nd7 11. Nf3 Nb6 12. c5 Nd7 13. a4 Qc7 14. h3 e5 15. Re1 Rfe8 16. b5 e4 17. Nh2 h5 18. Qd2 Nf8 19. a5 Qd7 20. a6 cxb5 21. axb7 Qxb7 22. Ra5 a6 23. Rea1 Nd7 24. Bc3 Nb8 25. Bxb5 Bd7 26. Bxd7 Qxd7 27. Qa2 f5 28. Nf1 g5 29. c6 Qxc6 30. Qxd5+ Qxd5 31. Rxd5 Rf8 32. Ng3 Nc6 33. Rxf5 Rxf5 34. Nxf5 a5 35. Nxg7 1-0


[Site "https://www.chess.com"]

[Event "Titled Tuesday Blitz March 14 Late 2023"]
[White "Kokoszczynski, Jan"]
[Black "Xu, Yi"]
[WhiteFideId "1174460"]
[BlackFideId "8605564"]
[WhiteElo "2139"]
[BlackElo "2471"]
[Result "0-1"]
[Round "03"]
[TimeControl "180+1"]
[Date "2023.03.14"]
[WhiteClock "0:00:10"]
[BlackClock "0:00:23"]

1. e4 c5 2. Nf3 d6 3. d4 cxd4 4. Qxd4 Nc6 5. Bb5 Bd7 6. Qd3 g6 7. Nc3 Bg7 8. Bg5 a6 9. Bxc6 Bxc6 10. O-O-O Nf6 11. Kb1 Qa5 12. Rhe1 O-O 13. Nd5 Rfe8 14. Bd2 Qd8 15. Bc3 Bxd5 16. exd5 Rc8 17. Re2 Rc5 18. Bxf6 Bxf6 19. Nd2 Bg7 20. Nb3 Rc7 21. Rde1 Qd7 22. Re4 Qf5 23. f3 b5 24. g4 Qg5 25. c3 h5 26. gxh5 Qxh5 27. h4 Qf5 28. Ka1 Rec8 29. a3 Rxc3 30. Qd1 Qxf3 31. Ka2 Qxd1 32. Rxd1 Rc2 33. Rd2 Rxd2 34. Nxd2 Rc2 35. Nb1 Rxb2+ 36. Ka1 Re2+ 37. Rd4 Bxd4+ 0-1


[Site "https://www.chess.com"]

[Event "Titled Tuesday Blitz March 14 Late 2023"]
[White "Korchmar, Vasiliy"]
[Black "Hansen, Eric"]
[WhiteFideId "24131750"]
[BlackFideId "2606771"]
[WhiteElo "2370"]
[BlackElo "2569"]
[Result "0-1"]
[Round "03"]
[TimeControl "180+1"]
[Date "2023.03.14"]
[WhiteClock "0:00:19"]
[BlackClock "0:00:35"]

1. e4 e6 2. d4 d5 3. e5 Qd7 4. Nf3 b6 5. c3 Ba6 6. Bxa6 Nxa6 7. Nbd2 c5 8. Nf1 Ne7 9. Ng3 Rc8 10. a3 Nb8 11. O-O Nbc6 12. Be3 Na5 13. dxc5 bxc5 14. b4 Nb7 15. Ng5 h6 16. Qh5 g6 17. Qh3 Bg7 18. Nf3 Nc6 19. Rfe1 Nxe5 20. Nxe5 Bxe5 21. Bxc5 Bxc3 22. Ne4 Bxa1 23. Rxa1 dxe4 24. Qc3 Nxc5 25. Qxh8+ Ke7 26. Qxh6 Qd4 27. Rc1 Nd3 28. Qg5+ f6 0-1


[Site "https://www.chess.com"]

[Event "Titled Tuesday Blitz March 14 Late 2023"]
[White "Kostiukov, Alexandr"]
[Black "Filgueiras, Nathan Felipe"]
[WhiteFideId "14108100"]
[BlackFideId "2188562"]
[WhiteElo "2202"]
[BlackElo "2241"]
[Result "0-1"]
[Round "03"]
[TimeControl "180+1"]
[Date "2023.03.14"]
[WhiteClock "0:00:01"]
[BlackClock "0:01:37"]

1. g3 d5 2. Bg2 Nf6 3. d3 e6 4. e4 Bd6 5. Qe2 dxe4 6. dxe4 e5 7. Nf3 O-O 8. h3 Be6 9. O-O h6 10. Nbd2 Nc6 11. Nc4 Qe7 12. Nxd6 cxd6 13. c3 d5 14. exd5 Bxd5 15. Be3 Rad8 16. b3 e4 17. Nd4 Nxd4 18. Bxd4 b6 19. Rad1 Ba8 20. Rfe1 Rfe8 21. a4 Nh7 22. Qg4 f6 23. f3 Qf7 24. fxe4 Qxb3 25. h4 Qxa4 26. Rd2 Qd7 27. Qg6 Qf7 28. Qf5 Qe6 29. Qg6 Nf8 30. Qh5 a5 31. Kh2 a4 32. Bh3 Qf7 33. Qg4 a3 34. Ree2 b5 35. Bg2 Bc6 36. Bc5 Rxd2 37. Rxd2 a2 38. Qd1 Bxe4 39. Bxe4 Rxe4 40. Qa1 Qe6 41. Qxa2 Qxa2 42. Rxa2 Ne6 43. Bb4 Nc7 44. Rd2 Ne6 45. Rd5 Nc7 46. Rc5 Rc4 47. Rf5 Kf7 48. h5 Ke6 49. Rf2 Nd5 50. Re2+ Kf7 51. Bd6 Rxc3 52. Ra2 Ne7 53. Ra7 Re3 54. Rb7 Re6 0-1


[Site "https://www.chess.com"]

[Event "Titled Tuesday Blitz March 14 Late 2023"]
[White "Kramnik, Vladimir"]
[Black "Foerster-Yialamas, Lucas"]
[WhiteFideId "4101588"]
[BlackFideId "30901774"]
[WhiteElo "2712"]
[BlackElo "2067"]
[Result "1-0"]
[Round "03"]
[TimeControl "180+1"]
[Date "2023.03.14"]
[WhiteClock "0:01:21"]
[BlackClock "0:00:54"]

1. Nf3 c5 2. b3 Nc6 3. Bb2 d5 4. e3 Bg4 5. Bb5 e6 6. c4 Nf6 7. h3 Bxf3 8. Qxf3 a6 9. Bxc6+ bxc6 10. Nc3 Bd6 11. O-O O-O 12. d3 Bc7 13. Na4 Rb8 14. Rfd1 Bd6 15. Rac1 Nd7 16. Qe2 Nb6 17. Nxb6 Rxb6 18. d4 Qe7 19. Ba3 Rc8 20. dxc5 Bxc5 21. Bxc5 Qxc5 22. cxd5 Qe7 23. dxe6 Qxe6 24. Rc4 c5 25. Rxc5 Re8 26. Qc4 Rd6 27. Rxd6 Qxd6 28. Rc8 Qd1+ 29. Kh2 Qd6+ 30. g3 Qd7 31. Rxe8+ Qxe8 32. Qxa6 1-0


[Site "https://www.chess.com"]

[Event "Titled Tuesday Blitz March 14 Late 2023"]
[White "Kraus, Tomas"]
[Black "Tica, Sven"]
[WhiteFideId "331708"]
[BlackFideId "14526948"]
[WhiteElo "2389"]
[BlackElo "2348"]
[Result "1/2-1/2"]
[Round "03"]
[TimeControl "180+1"]
[Date "2023.03.14"]
[WhiteClock "0:00:05"]
[BlackClock "0:00:20"]

1. e4 g6 2. d4 Bg7 3. Nc3 a6 4. Nge2 b5 5. g3 Bb7 6. Bg2 d6 7. a3 Nd7 8. O-O c5 9. Be3 cxd4 10. Nxd4 Nc5 11. f4 Qc7 12. Nd5 Bxd5 13. exd5 Nf6 14. c3 Na4 15. Qe2 Qc4 16. Qf2 Ng4 17. Qf3 Nxe3 18. Qxe3 Bxd4 19. cxd4 Nxb2 20. Rae1 Qc7 21. f5 Nc4 22. Qh6 O-O-O 23. f6 exf6 24. Rxf6 Rhe8 25. Ref1 Re7 26. Qxh7 Ne3 27. Rxf7 Rdd7 28. Bh3 Rxf7 29. Qxf7 Nxf1 30. Kxf1 Qc1+ 31. Kg2 Qc2+ 32. Kg1 Qd1+ 33. Kg2 Qd2+ 34. Qf2 Qd3 35. Bxd7+ Kxd7 36. Qf7+ Kd8 37. Qf8+ Kd7 38. Qg7+ Kc8 39. Qf8+ Kb7 40. Qe7+ Kb8 41. Qxd6+ Kc8 42. Qc6+ Kd8 43. Qe6 Qxd4 44. d6 Qd2+ 45. Kh3 Qh6+ 46. Kg2 Qd2+ 47. Kf3 Qd1+ 48. Kg2 Qd2+ 1/2-1/2


[Site "https://www.chess.com"]

[Event "Titled Tuesday Blitz March 14 Late 2023"]
[White "Larino Nieto, David"]
[Black "Daneshvar, Bardiya"]
[WhiteFideId "2256444"]
[BlackFideId "12576468"]
[WhiteElo "2506"]
[BlackElo "2468"]
[Result "0-1"]
[Round "03"]
[TimeControl "180+1"]
[Date "2023.03.14"]
[WhiteClock "0:00:40"]
[BlackClock "0:02:18"]

1. e4 Nf6 2. Nc3 d5 3. e5 d4 4. Nce2 Nfd7 5. e6 fxe6 6. Nxd4 Nf6 7. Ndf3 g6 8. Ne5 Bg7 9. Ngf3 O-O 10. d4 c5 11. c3 cxd4 12. Qxd4 Nbd7 13. Bc4 Nxe5 14. Qxd8 Nxf3+ 15. gxf3 Rxd8 16. h4 Kf7 17. Ke2 Bd7 18. Bf4 Bc6 19. Rag1 Bd5 20. Bd3 Bxa2 21. Be5 Rd5 22. f4 Rad8 23. Bb1 Rd2+ 24. Ke3 Bxb1 0-1


[Site "https://www.chess.com"]

[Event "Titled Tuesday Blitz March 14 Late 2023"]
[White "Lazavik, Denis"]
[Black "Christiansen, Johan-Sebastian"]
[WhiteFideId "13515110"]
[BlackFideId "1512668"]
[WhiteElo "2560"]
[BlackElo "2517"]
[Result "1-0"]
[Round "03"]
[TimeControl "180+1"]
[Date "2023.03.14"]
[WhiteClock "0:00:07"]
[BlackClock "0:00:02"]

1. d4 Nf6 2. c4 c5 3. d5 b5 4. cxb5 a6 5. e3 e6 6. dxe6 fxe6 7. Nc3 d5 8. Nf3 Bd6 9. a4 Nbd7 10. b3 O-O 11. Bb2 Qe7 12. Be2 axb5 13. Nxb5 Bb8 14. O-O Bb7 15. Qc2 e5 16. g3 e4 17. Nh4 Qe6 18. Rac1 Ra6 19. b4 c4 20. Nd4 Qf7 21. f4 exf3 22. Bxf3 Re8 23. Nhf5 Ne5 24. Be2 Qg6 25. b5 Ra8 26. Ba3 Kh8 27. Bb4 Bc7 28. Ra1 Ne4 29. a5 Bc8 30. b6 Bxf5 31. Nxf5 Bxb6 32. axb6 Rxa1 33. Rxa1 Qxf5 34. Rf1 Qg5 35. Kg2 Qxe3 36. b7 h6 37. Qb2 Nd3 38. Bxd3 cxd3 39. Rf8+ Rxf8 40. Bxf8 Nf6 41. Bxg7+ Kxg7 42. b8=Q Qe4+ 43. Kf2 Kg6 44. Q8b6 Kf5 45. Q6xf6+ Kg4 46. Qf4+ Kh3 47. Qxe4 1-0


[Site "https://www.chess.com"]

[Event "Titled Tuesday Blitz March 14 Late 2023"]
[White "Liu, Casper"]
[Black "Castillo Pena, Patricia Evarista"]
[WhiteFideId "1454153"]
[BlackFideId "6412106"]
[WhiteElo "2221"]
[BlackElo "1919"]
[Result "1-0"]
[Round "03"]
[TimeControl "180+1"]
[Date "2023.03.14"]
[WhiteClock "0:02:31"]
[BlackClock "0:02:12"]

1. d4 d5 2. c4 c6 3. Nc3 Nf6 4. Nf3 e6 5. Bg5 h6 6. Bxf6 Qxf6 7. cxd5 exd5 8. e4 dxe4 9. Nxe4 Qd8 10. Bc4 Bb4+ 11. Nc3 O-O 12. O-O Bg4 13. h3 Bh5 14. g4 Bg6 15. Ne5 Qf6 16. f4 Bxc3 17. bxc3 Bf5 18. gxf5 1-0


[Site "https://www.chess.com"]

[Event "Titled Tuesday Blitz March 14 Late 2023"]
[White "Livaic, Leon"]
[Black "Ruiz Castillo, Joshua Daniel"]
[WhiteFideId "14531534"]
[BlackFideId "4400704"]
[WhiteElo "2509"]
[BlackElo "2491"]
[Result "1/2-1/2"]
[Round "03"]
[TimeControl "180+1"]
[Date "2023.03.14"]
[WhiteClock "0:00:25"]
[BlackClock "0:00:32"]

1. d4 e6 2. c4 d5 3. Nc3 a6 4. cxd5 exd5 5. Nf3 c6 6. Bg5 Be7 7. Bxe7 Nxe7 8. e3 O-O 9. Bd3 Bf5 10. O-O Nd7 11. b4 Nb6 12. a4 Bxd3 13. Qxd3 Nec8 14. a5 Nc4 15. e4 dxe4 16. Nxe4 N8d6 17. Nc5 b6 18. axb6 Nxb6 19. Rxa6 Nb5 20. Rxa8 Qxa8 21. Ng5 g6 22. h4 Qd8 23. Rd1 Nd5 24. Qd2 Ndc3 25. Re1 Qxd4 26. Qxd4 Nxd4 27. Nd7 Rd8 28. Re7 Nd5 29. Rxf7 h6 30. Nf6+ Nxf6 31. Rxf6 hxg5 32. Rxg6+ Kf7 33. Rxg5 Rb8 34. h5 Rxb4 35. h6 Ne2+ 36. Kf1 Nf4 37. f3 Rb1+ 38. Kf2 Rh1 39. Rf5+ Ke6 40. Rxf4 Rxh6 41. Rc4 Kd5 42. Rc1 c5 43. g4 c4 44. Kg3 Rc6 45. g5 c3 46. Kg4 Ke6 47. Rc2 Kf7 48. f4 Rc4 49. Kf5 Rc5+ 50. Kg4 Rc4 51. Kf5 Rc5+ 52. Ke4 Rc4+ 53. Ke5 Kg6 54. f5+ Kxg5 55. f6 Kg6 56. Kd5 Rc8 57. Kd4 Kxf6 58. Rxc3 Rxc3 59. Kxc3 1/2-1/2


[Site "https://www.chess.com"]

[Event "Titled Tuesday Blitz March 14 Late 2023"]
[White "Madaminov, Mukhiddin"]
[Black "Thomforde-Toates, Noah"]
[WhiteFideId "14210703"]
[BlackFideId "30951992"]
[WhiteElo "2511"]
[BlackElo "2615"]
[Result "0-1"]
[Round "03"]
[TimeControl "180+1"]
[Date "2023.03.14"]
[WhiteClock "0:00:07"]
[BlackClock "0:00:14"]

1. d4 Nf6 2. Nc3 g6 3. e4 d6 4. f4 Bg7 5. Bd3 O-O 6. Nf3 Nc6 7. e5 dxe5 8. dxe5 Nd5 9. O-O Bg4 10. h3 Nxc3 11. bxc3 Bf5 12. Be3 Qd5 13. Qe2 Rad8 14. Rfd1 Qa5 15. Bxf5 gxf5 16. Nd4 Nxd4 17. cxd4 e6 18. c4 Kh8 19. Rab1 b6 20. Rd2 Rg8 21. Kf2 Bf8 22. Rbd1 Be7 23. g4 Bh4+ 24. Kf1 Be7 25. g5 Qa4 26. h4 c6 27. Kf2 a6 28. Qf1 b5 29. d5 cxd5 30. cxd5 Rxd5 31. Rxd5 exd5 32. Rxd5 Rc8 33. Qd3 Qxa2+ 34. Kf3 Qh2 35. Qxf5 Qh1+ 36. Kg3 Qxd5 37. Qxc8+ Kg7 38. Qxa6 Qe4 39. Qh6+ Kg8 40. Qb6 b4 41. h5 Kg7 42. h6+ Kg8 43. Qb8+ Bf8 44. Qb6 Qd3 45. Kf3 Qf1+ 46. Ke4 Qc4+ 47. Bd4 Qe2+ 48. Be3 Qg2+ 49. Kd4 Qb2+ 50. Kd5 Qb3+ 51. Kc6 Qc4+ 52. Kd7 b3 53. Bd4 Qd5+ 54. Kc8 Qa8+ 55. Kc7 Qd5 56. Kc8 Qc4+ 57. Kd7 Qd5+ 58. Ke8 Qe6+ 59. Kd8 Qxb6+ 60. Bxb6 b2 61. f5 b1=Q 62. Bc7 Qxf5 63. Bd6 Qe6 64. Bxf8 Kxf8 65. Kc7 Qxe5+ 66. Kd8 Qxg5+ 67. Kd7 Qxh6 68. Kc7 Qg6 69. Kd8 h5 70. Kd7 h4 71. Kc7 h3 72. Kd8 h2 0-1


[Site "https://www.chess.com"]

[Event "Titled Tuesday Blitz March 14 Late 2023"]
[White "Makhnev, Denis"]
[Black "Preotu, Razvan"]
[WhiteFideId "13707647"]
[BlackFideId "2613280"]
[WhiteElo "2525"]
[BlackElo "2407"]
[Result "0-1"]
[Round "03"]
[TimeControl "180+1"]
[Date "2023.03.14"]
[WhiteClock "0:00:07"]
[BlackClock "0:01:29"]

1. d4 Nf6 2. c4 g6 3. Nc3 d5 4. cxd5 Nxd5 5. e4 Nxc3 6. bxc3 Bg7 7. Qa4+ Qd7 8. Bb5 c6 9. Be2 O-O 10. Nf3 c5 11. Qxd7 Nxd7 12. Be3 cxd4 13. cxd4 Nc5 14. e5 Na4 15. Kd2 Be6 16. Ng5 Bd5 17. Bf3 Rfd8 18. Bxd5 Rxd5 19. Nf3 f6 20. exf6 Bxf6 21. Ke2 Nc3+ 22. Kd3 Nb5 23. a4 Nxd4 24. Bxd4 Bxd4 25. Ke4 Bxa1 26. Kxd5 Bf6 27. Ke6 Rd8 0-1


[Site "https://www.chess.com"]

[Event "Titled Tuesday Blitz March 14 Late 2023"]
[White "Manelyuk, Daniil"]
[Black "Sattarov, Bobir"]
[WhiteFideId "44173920"]
[BlackFideId "14203081"]
[WhiteElo "2259"]
[BlackElo "2351"]
[Result "1/2-1/2"]
[Round "03"]
[TimeControl "180+1"]
[Date "2023.03.14"]
[WhiteClock "0:00:05"]
[BlackClock "0:00:07"]

1. e4 e5 2. Nf3 Nc6 3. Bb5 a6 4. Ba4 Bc5 5. O-O Qf6 6. c3 Nge7 7. d3 h6 8. Nbd2 O-O 9. Bb3 d6 10. Nc4 Ng6 11. Ne3 Nf4 12. Nd5 Nxd5 13. exd5 Ne7 14. Nd2 Qg6 15. Ne4 Ba7 16. Kh1 f5 17. Nd2 f4 18. Ne4 Nf5 19. d4 Nh4 20. Rg1 Qxe4 21. Bc2 Bg4 22. Bxe4 Bxd1 23. Rxd1 exd4 24. cxd4 f3 25. gxf3 Nxf3 26. Bxf3 Rxf3 27. Be3 Rf5 28. Rac1 Bb6 29. a4 a5 30. Rg1 Kf7 31. Rg4 Rxd5 32. Rcg1 g5 33. h4 Rh8 34. R1g3 Ke6 35. Kg2 Kd7 36. hxg5 hxg5 37. Rxg5 Kc6 38. Rxd5 Kxd5 39. Rg5+ Kc4 40. Rg7 Rh5 41. d5 Rxd5 42. Bxb6 cxb6 43. Rxb7 Kc5 44. f4 Rd4 45. Kf3 Rxa4 46. f5 Rb4 47. f6 Rb3+ 48. Ke4 d5+ 49. Ke5 Rxb2 50. f7 Re2+ 51. Kf6 Rf2+ 52. Ke7 a4 53. Rc7+ Kb4 54. Rc6 Rxf7+ 55. Kxf7 b5 56. Ke6 a3 57. Kxd5 a2 58. Ra6 Kb3 59. Kc5 b4 60. Rxa2 Kxa2 61. Kxb4 1/2-1/2


[Site "https://www.chess.com"]

[Event "Titled Tuesday Blitz March 14 Late 2023"]
[White "Mazibuko, Khanya"]
[Black "Torres Dominguez, David"]
[WhiteFideId "14321041"]
[BlackFideId "2220857"]
[WhiteElo "1873"]
[BlackElo "1999"]
[Result "1-0"]
[Round "03"]
[TimeControl "180+1"]
[Date "2023.03.14"]
[WhiteClock "0:01:23"]
[BlackClock "0:00:02"]

1. e4 e5 2. Nf3 Nc6 3. Bb5 Nge7 4. O-O g6 5. c3 Bg7 6. d4 O-O 7. d5 a6 8. Be2 Na7 9. d6 cxd6 10. c4 b5 11. Nc3 bxc4 12. Bxc4 Bb7 13. Qxd6 Nb5 14. Nxb5 axb5 15. Bxb5 Bxe4 16. Bg5 f6 17. Nd2 Bb7 18. Be3 Nf5 19. Qxd7 Qxd7 20. Bxd7 Nxe3 21. fxe3 Bh6 22. Rfe1 Rfd8 23. Be6+ Kg7 24. Nc4 Be4 25. a4 Ra6 26. Bg4 Bd3 27. Be2 Bxc4 28. Bxc4 Rc6 29. b3 Rd2 30. a5 Rc7 31. a6 Ra7 32. Kf1 Kh8 33. Re2 Rxe2 34. Kxe2 Bf8 35. Rd1 Bb4 36. Rd5 Kg7 37. Rb5 Bd6 38. Kd3 f5 39. Rd5 Bb8 40. Rd8 Bc7 41. Rd7+ Kf6 42. Bd5 e4+ 43. Kc4 1-0


[Site "https://www.chess.com"]